 Dungeon Crawl Stone Soup version 0.27-a0-553-ge0ab5a2769 (webtiles) character file.

Game seed: 15323442976853534241

16 Gaff the Stinger (level 2, 19/19 HPs)
             Began as a Demonspawn Venom Mage on Mar 8, 2021.
             Got out of the dungeon alive.
             The game lasted 00:01:27 (487 turns).

Gaff the Stinger (Demonspawn Venom Mage)             Turns: 487, Time: 00:01:27

Health: 19/19      AC:  2    Str:  8    XL:     2   Next: 37%
Magic:  4/5        EV: 12    Int: 16    God:
Gold:   23         SH:  0    Dex: 13    Spells: 4/5 levels left

rFire    . . .     SeeInvis .   c - +0 mace
rCold    . . .     Faith    .   (no shield)
rNeg     . . .     Spirit   .   a - +0 robe
rPois    .         Reflect  .   (no helmet)
rElec    .         Harm     .   (no cloak)
rCorr    .         Rampage  .   (no gloves)
Will     .....                  (no boots)
Stlth    ++........             (no amulet)
HPRegen  0.06/turn              (no ring)
MPRegen  0.09/turn              (no ring)

@: no status effects
A: claws 1
a: no special abilities


You escaped.
You visited 1 branch of the dungeon, and saw 2 of its levels.

You collected 23 gold pieces.

Inventory:

Hand Weapons
 c - a +0 mace (weapon)
 e - a +0 short sword
Armour
 a - a +0 robe (worn)
Scrolls
 d - a scroll of blinking {unknown}
Potions
 b - 2 potions of lignification {unknown}


   Skills:
 - Level 1.7 Dodging
 - Level 1.7 Stealth
 + Level 2.2 Spellcasting
 - Level 0.8 Transmutations
 + Level 3.6 Poison Magic


You had 4 spell levels left.
You knew the following spells:

 Your Spells              Type           Power      Damage    Failure   Level
a - Sting                 Tmut/Pois      32%        1d4       9%          1

Your spell library contained the following spells:

 Spells                   Type           Power      Damage    Failure   Level
 Poisonous Vapours        Pois/Air       14%        N/A       14%         2
 Ignite Poison            Fire/Tmut/Pois 6%         N/A       32%         3
 Mephitic Cloud           Conj/Pois/Air  5%         N/A       36%         3
 Olgreb's Toxic Radiance  Pois           13%        N/A       41%         4


Dungeon Overview and Level Annotations

Branches:
Dungeon (2/15)

Altars:
Fedhas


Innate Abilities, Weirdness & Mutations

You have sharp fingernails.


Message History

The sting hits the kobold.
The kobold is poisoned.
You kill the kobold!
Things that are here:
a +0 short sword; a kobold corpse
e - a +0 short sword Sorry, I don't know how to get there.
Found a pair of gloves.
A rat comes into view.
The rat moves out of view.
You see here a +0 pair of gloves.
A rat is nearby!
A rat is nearby!
Aiming: Sting (safe; 9% risk of failure)
Press: ? - help, Q - select action Shift-Dir - straight line, f - rat
Aim: a rat (wandering, hasn't noticed you, 32% to evade)
The sting hits the rat but does no damage.
The rat is poisoned.
An ooze comes into view.
You kill the rat!
Found a fuming amethyst potion.
Found 18 sling bullets.
A jackal comes into view.
A goblin, a hobgoblin and a kobold come into view.
The kobold shouts!
The goblin shouts!
The hobgoblin shouts!
You hear a bark!
You hear a shout!
Found a scroll labelled FIWYTIUS FEDGH.
A rat comes into view.
The teleport trap disappears.
The hobgoblin disappears!
Aiming: Sting (safe; 9% risk of failure)
Press: ? - help, Q - select action Shift-Dir - straight line, f - kobold
Aim: a kobold (40% to evade)
The sting hits the kobold.
The kobold is poisoned.
The kobold is severely wounded.
You kill the kobold!
There is an open door here.
You enter the shallow water.
Moving in this stuff is going to be slow.
There is a staircase leading out of the dungeon here.
Are you sure you want to leave the Dungeon?
This will make you lose the game!
You have escaped!

.#.# #....#
##...####...#
.#.# #....#
###..g...# .#.#
#....# ###..#.#
.#.# #....# #..#
.#.#
##############..#
.#.#
.............#
.#.#
#######'####.#
...# #≈≈≈g≈≈≈#.#
.### #≈#≈@≈#≈#.#
†# #≈###≈#≈#.# .#
##≈≈≈≈≈≈#.# .#
#≈#######.# .#
##≈≈≈#..'.# >#
####≈##≈##.#.# ##
+..#.##....#.#
#.#'#######.#
#...# ..#


You could see a goblin.

Vanquished Creatures
  An adder (D:2)
  A bat (D:2)
  A hobgoblin (D:2)
  3 kobolds
  2 rats
8 creatures vanquished.

Notes
Turn   | Place    | Note
-------+----------+-------------------------------------------
     0 | D:1      | Gaff the Demonspawn Venom Mage began the quest for the Orb.
     0 | D:1      | Reached XP level 1. HP: 13/13 MP: 3/3
    34 | D:1      | You fall into a shaft and drop 1 floor!
    53 | D:2      | Found a blossoming altar of Fedhas.
   162 | D:2      | Gained mutation: You have sharp fingernails. [demonic
                  | ancestry]
   162 | D:2      | Reached XP level 2. HP: 19/19 MP: 0/5
   487 | D:$      | Got out of the dungeon alive.

Illustrated notes

Levels and vault maps discovered:
D:1:      ncdulo_wetmaze, layout_basic, minmay_circled_x
D:2:      minmay_thinvault, layout_basic, overflow_temple_1_default

Action                   || total
-------------------------++-------
 Cast: Sting             ||    11
Armor: Robe              ||     2
Dodge: Dodged            ||     2

Table legend: (Time is in decaauts)
 A = Elapsed time spent in this place.
 B = Non-inter-level travel time spent in this place.
 C = Inter-level travel time spent in this place.
 D = Time resting spent in this place.
 E = Time spent auto-exploring this place.
 F = Levels seen in this place.
 G = Mean time per level.
                   A        B        C        D        E       F      G
               +--------+--------+--------+--------+--------+-----+--------+
         Total |    493 |    436 |     57 |     21 |    325 |   2 |  246.5 |
       Dungeon |    493 |    436 |     57 |     21 |    325 |   2 |  246.5 |
               +--------+--------+--------+--------+--------+-----+--------+

Top non-repeatable levels by time:
     D:2: 384 daAuts
     D:1: 109 daAuts
